 Dungeon Crawl Stone Soup version 0.26-a0-366-gd6aadd2 (webtiles) character file.

Game seed: 7007677656063250213

1813 MrTaco21 the Basher (level 9, 0/51 HPs)
             Began as a Gargoyle Fighter on July 19, 2020.
             Was a Believer of Qazlal.
             Slain by a hound (1 damage)
             ... on level 6 of the Dungeon.
             The game lasted 00:09:42 (6419 turns).

MrTaco21 the Basher (Gargoyle Fighter)              Turns: 6419, Time: 00:09:43

Health: 0/51       AC: 16    Str: 22    XL:     9   Next: 10%
Magic:  9/9        EV:  5    Int: 10    God:    Qazlal [**....]
Gold:   304        SH: 11    Dex:  9    Spells: 8/8 levels left

rFire    . . .     SeeInvis .   z - +3 mace
rCold    . . .     Faith    .   c - +0 kite shield
rNeg     + + .     Spirit   .   s - +0 chain mail
rPois    ∞         Reflect  .   b - +0 helmet
rElec    +         Harm     .   (no cloak)
rCorr    .                      (no gloves)
MR       +....                  (no boots)
Stlth    ..........             (no amulet)
HPRegen  0.17/turn              l - ring of protection from magic
MPRegen  0.11/turn              y - ring of positive energy

@: no status effects
A: negative energy resistance 1, electricity resistance, unbreathing,
petrification resistance, rot immunity, AC +6
a: Upheaval, Renounce Religion


You were on level 6 of the Dungeon.
You worshipped Qazlal.
Qazlal was pleased with you.
You visited 2 branches of the dungeon, and saw 7 of its levels.
You also visited: Sewer.

You collected 304 gold pieces.

Inventory:

Hand Weapons
 z - a +3 mace (weapon)
   (You took it off an orc on level 5 of the Dungeon)
Missiles
 a - 30 poisoned darts (quivered)
 n - 2 throwing nets {!f}
Armour
 b - a +0 helmet (worn)
   (You found it on level 3 of the Dungeon)
 c - a +0 kite shield (worn)
 s - a +0 chain mail (worn)
   (You found it on level 2 of the Dungeon)
Jewellery
 i - an uncursed ring of protection from fire
   (You found it on level 4 of the Dungeon)
 l - a ring of protection from magic (left hand)
   (You found it on level 1 of the Dungeon)
 x - an uncursed amulet of faith {!P}
   (You found it on level 4 of the Dungeon)
 y - a ring of positive energy (right hand)
   (You found it on level 5 of the Dungeon)
Scrolls
 e - 7 scrolls of teleportation {@r4}
 f - 2 scrolls of remove curse {@r2}
 h - a scroll of blinking {unknown}
 k - 2 scrolls of fear
 o - a scroll of enchant armour {unknown}
 q - a scroll of fog
 u - 2 scrolls of identify {@r1}
 w - 2 scrolls of amnesia
Potions
 d - a potion of might
 g - a potion of brilliance {unknown}
 j - 2 potions of lignification {unknown}
 m - a potion of flight {unknown}
 p - a potion of stabbing {unknown}
 r - 4 potions of mutation {unknown}
 t - 2 potions of ambrosia {unknown}
 v - a potion of curing {unknown}
 A - a potion of magic {unknown}


   Skills:
 - Level 3.2 Fighting
 + Level 11.4 Maces & Flails
 - Level 3.2 Armour
 - Level 3.2 Shields


You had 8 spell levels left.
You didn't know any spells.
Your spell library was empty.

Dungeon Overview and Level Annotations

Branches:
Dungeon (6/15)             Temple (1/1) D:5           Sewer (visited)

Altars:
Cheibriados
Dithmenos
Elyvilon
Gozag
Kikubaaqudgha
Makhleb
Qazlal
Ru
Sif Muna
Uskayaw
Vehumet
Xom
Yredelemnul
Zin
The Shining One


Innate Abilities, Weirdness & Mutations

You are resistant to torment.
Your stone body is resilient. (AC +6)
You are immune to poison.
You resist negative energy. (rN+)
You are resistant to electric shocks. (rElec)
You can survive without breathing.
You are immune to petrification.
You are immune to rotting.


Message History

The hound barks!
Your shield and chain mail prevent you from hitting the orc warrior.
You block the orc warrior's attack. You block the orc wizard's attack.
The orc barely misses you.
You completely miss the orc warrior. The orc barely misses you.
You sock the orc warrior! You block the hound's attack.
You block the orc's attack.
Your chain mail prevents you from hitting the orc warrior.
The hound bites you but does no damage.
The orc wizard mumbles some strange words.
The orc wizard seems to speed up.
You block the orc warrior's attack.
You hit the orc warrior. You block the hound's attack.
The orc hits you but does no damage.
The orc wizard gestures at you while chanting.
The puff of flame hits you!
The orc priest mumbles some strange prayers to Beogh against you.
You easily resist.
You barely miss the orc warrior. You block the hound's attack.
The orc wizard miscasts a cantrip.
The orc warrior hits you with a +1 glaive of venom!
The orc closely misses you.
The orc priest hits you but does no damage.
The hound bites you but does no damage. You block the orc wizard's attack.
You hit the orc warrior but do no damage.
You block the hound's attack. You block the orc's attack.
The orc wizard hits you but does no damage.
The orc warrior hits you with a +1 glaive of venom.
* * * LOW HITPOINT WARNING * * *
The orc priest mumbles some strange prayers to Beogh against you.
Beogh smites you!
* * * LOW HITPOINT WARNING * * *
The orc wizard hits you but does no damage.
The orc hits you but does no damage. The hound bites you.
* * * LOW HITPOINT WARNING * * *
The orc wizard miscasts a cantrip.
The hound bites you but does no damage. You block the hound's attack.
The hound bites you but does no damage. The hound bites you but does no damage.
The orc wizard hits you but does no damage.
You block the orc wizard's attack.
The orc wizard gestures at you while chanting.
The puff of frost hits you!
* * * LOW HITPOINT WARNING * * *
The orc priest miscasts a cantrip.
The hound bites you but does no damage. The orc wizard casts a spell at you.
You block the puff of frost. The orc barely misses you. The hound bites you.
You die...

###................ #
###.................. ###
#...>................ ..#
##.........#......... ##
####..........##........ ..#
#..#....................
##.# #........[#........# ..
#..# #........@##.......#.#
...#####.......h§#.........#
.....#).........oo........##
.....#))).†......°o##.#....#
....#.)##....#...o.###o...##
......####..##.....##..##..#
......# ##..............#.##
......###..............##.#
........#..........###...##


You could see an orc warrior, a hound, an orc priest, an orc wizard (fast) and
an orc.

Vanquished Creatures
  A sky beast (D:6)
  2 ogres
  2 centaurs
  3 big kobolds (Sewer)
  A bullfrog (D:6)
  A scorpion (D:5)
  3 wights (D:6)
  2 howler monkeys
  A bullfrog zombie (D:6)
  A centaur zombie (D:5)
  A jelly (D:6)
  3 orc priests
  An iguana (D:4)
  4 orc wizards
  4 worker ants
  2 hound skeletons (D:6)
  A worker ant zombie (D:5)
  6 gnolls
  10 adders
  2 river rats
  An ufetubus (D:4)
  10 oozes
  An adder skeleton (D:6)
  9 worms
  3 dart slugs (D:1)
  2 leopard geckos
  21 orcs
  9 giant cockroaches
  7 goblins
  11 hobgoblins
  5 jackals
  A quokka (D:3)
  3 ball pythons (Sewer)
  4 bats
  5 frilled lizards
  7 kobolds
  A leopard gecko skeleton (D:4)
  9 rats
160 creatures vanquished.

Vanquished Creatures (others)
  A bullfrog (D:6)
1 creature vanquished.

Grand Total: 161 creatures vanquished

Notes
Turn   | Place    | Note
-------+----------+-------------------------------------------
     0 | D:1      | MrTaco21 the Gargoyle Fighter began the quest for the Orb.
     0 | D:1      | Reached XP level 1. HP: 14/14 MP: 1/1
   222 | D:1      | Reached XP level 2. HP: 19/19 MP: 2/2
   302 | D:1      | Reached skill level 3 in Maces & Flails
   741 | D:1      | Reached XP level 3. HP: 23/23 MP: 3/3
  1047 | D:2      | Reached skill level 4 in Maces & Flails
  1049 | D:2      | Reached XP level 4. HP: 16/28 MP: 4/4
  1244 | D:2      | Found a glowing silver altar of Zin.
  1455 | D:2      | Found a burning altar of Makhleb.
  1455 | D:2      | Noticed a balrug
  1845 | D:2      | Reached skill level 5 in Maces & Flails
  1936 | D:2      | Reached XP level 5. HP: 32/32 MP: 5/5
  2481 | D:3      | Found a white marble altar of Elyvilon.
  3010 | D:3      | Reached skill level 6 in Maces & Flails
  3148 | D:3      | Reached XP level 6. HP: 22/37 MP: 6/6
  3399 | D:4      | Reached skill level 7 in Maces & Flails
  3520 | D:4      | Reached XP level 7. HP: 41/41 MP: 7/7
  3735 | D:5      | Entered Level 5 of the Dungeon
  4205 | D:5      | Found a stormy altar of Qazlal.
  4214 | D:5      | Became a worshipper of Qazlal Stormbringer
  4246 | D:5      | Found a staircase to the Ecumenical Temple.
  4423 | D:5      | Reached skill level 8 in Maces & Flails
  4453 | D:5      | Found a hide-covered altar of Uskayaw.
  4738 | Temple   | Entered the Ecumenical Temple
  5055 | D:6      | Reached skill level 9 in Maces & Flails
  5055 | D:6      | Reached XP level 8. HP: 41/46 MP: 8/8
  5569 | D:6      | Reached skill level 10 in Maces & Flails
  5572 | D:6      | Reached * piety under Qazlal
  5613 | D:6      | Found a glowing drain.
  5636 | Sewer    | Entered a sewer
  5776 | Sewer    | Reached ** piety under Qazlal
  5776 | Sewer    | Reached skill level 11 in Maces & Flails
  6307 | D:6      | Reached XP level 9. HP: 51/51 MP: 9/9
  6417 | D:6      | HP: 1/51 [orc wizard/puff of frost (7)]
  6419 | D:6      | Slain by a hound

Illustrated notes

Levels and vault maps discovered:
D:1:      tarquinn_simple_flora_water_f, layout_basic
D:2:      layout_loops_cross, makhleb_altar_promises_db,
          nicolae_overflow_hidden_temple
D:3:      layout_loops_ring, lemuel_coloured_pillars_altar, serial_bayou_pond_a
D:4:      cheibrodos_pilgrimage, layout_rooms
D:5:      layout_basic, kennysheep_mini_moat, marbit_many_paths,
          minmay_temple_entry_enclosed_plants
D:6:      layout_cave_pools, minmay_overflow_temple_star_quad,
          portal_sewer_entry_c
Temple:   dpeg_chambers_temple

Skill      XL: |  1  2  3  4  5  6  7  8 |
---------------+-------------------------+-----
Maces & Flails | 3 4 5 6 7 9 11 | 11.4
Fighting       | |  3.2
Armour         | |  3.2
Shields        | |  3.2

Action                   |  1- 3 |  4- 6 |  7- 9 || total
-------------------------+-------+-------+-------++-------
Melee: Flail             |    92 |   301 |    51 ||   444
       Mace              |       |       |   292 ||   292
  Use: Scroll            |       |     5 |     1 ||     6
Armor: Scale mail        |    39 |    90 |       ||   129
       Chain mail        |       |   133 |   269 ||   402
Dodge: Dodged            |    19 |    89 |    87 ||   195
Block: Kite shield       |    47 |   185 |   226 ||   458

Table legend: (Time is in decaauts)
 A = Elapsed time spent in this place.
 B = Non-inter-level travel time spent in this place.
 C = Inter-level travel time spent in this place.
 D = Time resting spent in this place.
 E = Time spent auto-exploring this place.
 F = Levels seen in this place.
 G = Mean time per level.
                   A        B        C        D        E       F      G
               +--------+--------+--------+--------+--------+-----+--------+
         Total |   6648 |   6304 |    344 |    845 |   4019 |   8 |  831.0 |
       Dungeon |   5742 |   5421 |    321 |    790 |   3351 |   6 |  957.0 |
        Temple |    207 |    184 |     23 |      0 |    183 |   1 |  207.0 |
         Sewer |    697 |    697 |      0 |     55 |    485 |   1 |  697.0 |
               +--------+--------+--------+--------+--------+-----+--------+
